 Dungeon Crawl Stone Soup version 0.22-a0-86-g94e0ad4 (webtiles) character file.

12445 KristoblXynda the Covert (level 11, -6/46 (47) HPs)
             Began as a Spriggan Artificer on Jan 20, 2018.
             Was a Priest of Hepliaklqana.
             Mangled by a two-headed ogre
             ... wielding a +0 giant club
              (18 damage)
             ... on level 12 of the Dungeon.
             The game lasted 00:47:30 (14021 turns).

KristoblXynda the Covert (Spriggan Artificer)      Turns: 14021, Time: 00:47:31

HP:   -6/46 (47)    AC:  4    Str:  8    XL:     11   Next: 62%
MP:   0/21          EV: 21    Int: 19    God:    Hepliaklqana [***...]
Gold: 533           SH:  0    Dex: 16    Spells: 10/10 levels left

rFire    . . .     SeeInvis +   a - +5 dagger (flame)
rCold    . . .     Gourm    .   (shield restricted)
rNeg     . . .     Faith    .   c - +2 robe
rPois    +         Spirit   +   B - +0 hat
rElec    .         Reflect  .   s - scarf {Spirit}
rCorr    .         Harm     .   (gloves unavailable)
MR       +....                  (boots unavailable)
Stlth    ++++++....             u - amulet of regeneration
HPRegen  0.55/turn              r - ring of flight
MPRegen  0.17/turn              i - ring of poison resistance

@: very quick
A: very small, unfitting armour, reduced essence, talons 1, see invisible,
clever 1, herbivore, speed 3, slow metabolism 2, wild magic 2
a: Recall Ancestor, Ancestor Identity, Transference, Renounce Religion, Evoke
Flight


You were on level 12 of the Dungeon.
You worshipped Hepliaklqana.
Hepliaklqana was most pleased with you.
You were not hungry.

You visited 2 branches of the dungeon, and saw 13 of its levels.

You collected 533 gold pieces.

Inventory:

Hand Weapons
 a - a +5 dagger of flaming (weapon)
 w - a +2 short sword of freezing
 E - a +1 blowgun
Missiles
 C - 5 curare-tipped needles
 D - 39 poisoned needles
Armour
 c - a +2 robe (worn)
 k - +0 fire dragon scales
 s - a scarf of spirit shield (worn)
 B - a +0 hat (worn)
Jewellery
 e - an uncursed amulet of magic regeneration
 i - a ring of poison resistance (right hand)
 r - a ring of flight (left hand)
 u - an amulet of regeneration (around neck)
Wands
 d - a wand of enslavement (14)
 y - a wand of scattershot (1)
 G - a wand of flame (27)
Scrolls
 j - a scroll of magic mapping
 n - 2 scrolls of remove curse
 o - 6 scrolls of teleportation
 p - 3 scrolls of amnesia
 q - a scroll of fear
 v - a scroll of fog
 F - a scroll of identify
Potions
 b - 2 potions of curing
 g - a potion of might
 h - 4 potions of resistance
 l - a potion of heal wounds
 m - 2 potions of haste {unknown}
 t - a potion of flight
 x - 2 potions of cancellation
 z - 2 potions of magic
 A - 3 potions of brilliance
Comestibles
 f - 12 rations


   Skills:
 + Level 4.2 Fighting
 - Level 7.0 Short Blades
 - Level 5.2 Throwing
 - Level 6.0 Dodging
 + Level 14.3 Stealth
 + Level 7.4 Invocations
 + Level 12.8 Evocations


You had 10 spell levels left.
You didn't know any spells.

Dungeon Overview and Level Annotations

Branches:
Dungeon (12/15)            Temple (1/1) D:5            Lair (0/6) D:11
    Orc (0/2) D:10

Altars:
Ashenzari
Cheibriados
Dithmenos
Elyvilon
Fedhas
Gozag
Hepliaklqana
Kikubaaqudgha
Makhleb
Nemelex Xobeh
Okawaru
Qazlal
Ru
Sif Muna
Trog
Uskayaw
Vehumet
Wu Jian
Xom
Yredelemnul
Zin
The Shining One

Portals:
Trove: D:10 (give +6 demon trident)


Innate Abilities, Weirdness & Mutations

You are very small and have problems with some larger weapons.
You are too small for most types of armour.
You have supernaturally acute eyesight. (SInv)
You are a herbivore.
You cover ground extremely quickly.
You need consume almost no food.
Your life essence is reduced to manifest your ancestor. (-10% HP)
You have sharp toenails.
Your mind is acute. (Int +2)
Your spells are harder to cast, but more powerful.


Message History

Hrothgar hits the two-headed ogre but does no damage.
You puncture the two-headed ogre! You burn the two-headed ogre.
You claw the two-headed ogre.
The two-headed ogre is severely wounded.
The two-headed ogre hits you with a giant club!
* * * LOW HITPOINT WARNING * * *
The two-headed ogre completely misses you.
Hrothgar hits the two-headed ogre with a dagger of draining.
Hrothgar drains the two-headed ogre!
Hrothgar gestures at the two-headed ogre while chanting.
The two-headed ogre easily resists.
The two-headed ogre hits Hrothgar with a giant club! x2
Hrothgar gestures at the two-headed ogre while chanting.
The two-headed ogre easily resists.
The two-headed ogre hits Hrothgar with a giant club!
Hrothgar is destroyed!
You hit the two-headed ogre. You burn the two-headed ogre.
The two-headed ogre is almost dead.
The two-headed ogre hits you with a giant club!!
You die...

###### ###########
#....###.........#
#................#
#................#
##...............#
##....##..@.......#
#<...O##..O.......#
..##....#........##.#
........#....###+## #
.##.....#...........
##...............#
#...#+##.##.........
.... ....+........>
..# ...#.##...####.#


You could see a two-headed ogre.

Vanquished Creatures
  2 two-headed ogres
  An unseen horror (D:11)
  Pikel (D:8)
  The ghost of KristoblXynda the Slasher, a novice DrMo of Nemelex Xobeh (D:6)
  An ugly thing (D:11)
  A cyclops (D:11)
  A slime creature (D:9)
  A gargoyle (D:11)
  A hippogriff (D:8)
  Grinder (D:3)
  Sigmund (D:3)
  A spriggan (D:7)
  The ghost of KristoblXynda the Sneak, an amateur SpMo (D:5)
  A wyvern (D:9)
  A shadow (D:11)
  Eustachio (D:6)
  2 hungry ghosts
  2 water moccasins
  A hornet zombie (D:6)
  2 black bears
  5 phantoms
  5 orc warriors
  A necrophage (D:9)
  4 ogres
  6 centaurs
  3 bullfrogs
  A scorpion (D:9)
  A water moccasin skeleton (D:6)
  11 wights
  3 killer bees (D:9)
  3 howler monkeys
  3 crimson imps
  A bullfrog zombie (D:6)
  4 orc priests
  5 hounds
  2 jellies
  Crazy Yiuf (D:5)
  12 orc wizards
  2 bullfrog skeletons
  A gnoll shaman (D:6)
  5 iguanas
  4 worker ants
  A hound zombie (D:3)
  3 gnolls
  12 adders
  2 shadow imps
  2 oozes
  An adder zombie (D:6)
  A worm (D:9)
  2 dart slugs
  5 leopard geckos
  36 orcs
  7 giant cockroaches
  7 goblins
  6 hobgoblins
  21 jackals
  5 quokkas
  2 ball pythons
  7 bats
  5 frilled lizards
  A jackal skeleton (D:8)
  9 kobolds
  A quokka skeleton (D:4)
  6 rats
249 creatures vanquished.

Vanquished Creatures (collateral kills)
  A gargoyle (D:10)
  A kobold demonologist (D:8)
  3 slime creatures (D:9)
  2 hippogriffs
  2 orc warriors
  An ogre (D:7)
  A big kobold (D:8)
  A scorpion (D:10)
  7 wights
  A crimson imp (D:8)
  A jelly (D:7)
  A hound (D:9)
  An orc priest (D:9)
  2 orc wizards
  An iguana (D:10)
  3 gnolls
  3 adders (D:8)
  A leopard gecko (D:10)
  13 orcs
  2 jackals (D:7)
  3 kobolds (D:8)
51 creatures vanquished.

Vanquished Creatures (others)
  A hound (D:11)
  An orc priest (D:3)
  A bullfrog skeleton (D:8)
  A gnoll shaman (D:8)
  2 ancestors
  5 hexers
  A worker ant (D:10)
  5 gnolls
  A howler monkey skeleton (D:8)
  2 orcs
  A jackal (D:4)
  A kobold (D:8)
22 creatures vanquished.

Grand Total: 322 creatures vanquished

Notes
Turn   | Place    | Note
-------+----------+-------------------------------------------
     0 | D:1      | KristoblXynda the Spriggan Artificer began the quest for the Orb.
     0 | D:1      | Reached XP level 1. HP: 9/9 MP: 4/4
    46 | D:1      | Reached skill level 2 in Stealth
   320 | D:1      | Reached XP level 2. HP: 14/14 MP: 6/6
   871 | D:1      | Reached XP level 3. HP: 8/17 MP: 7/7
  1351 | D:2      | Reached skill level 3 in Stealth
  2053 | D:2      | Reached XP level 4. HP: 21/21 MP: 8/8
  2055 | D:2      | Found a blossoming altar of Fedhas.
  2429 | D:3      | Noticed Grinder
  2436 | D:3      | Paralysed by Grinder for 4 turns
  2452 | D:3      | Killed Grinder
  2452 | D:3      | Reached skill level 5 in Dodging
  2452 | D:3      | Reached skill level 4 in Stealth
  2452 | D:3      | Reached skill level 5 in Evocations
  2452 | D:3      | Reached XP level 5. HP: 25/25 MP: 8/10
  2452 | D:3      | Reached XP level 6. HP: 29/29 MP: 8/11
  2623 | D:3      | Noticed Sigmund
  2638 | D:3      | Killed Sigmund
  2638 | D:3      | Reached skill level 5 in Stealth
  2680 | D:3      | Found a faded altar of an unknown god.
  2835 | D:3      | Gained mutation: Your mind is acute. (Int +2) [potion of mutation]
  2835 | D:3      | Gained mutation: You have sharp toenails. [potion of mutation]
  2835 | D:3      | Gained mutation: Your spells are a little harder to cast, but a little more powerful. [potion of mutation]
  2835 | D:3      | Gained mutation: Your spells are harder to cast, but more powerful. [potion of mutation]
  3207 | D:3      | Found an ancient bone altar of Kikubaaqudgha.
  3299 | D:3      | Reached XP level 7. HP: 11/32 MP: 7/12
  3851 | D:4      | Found a stormy altar of Qazlal.
  3909 | D:4      | Reached skill level 6 in Stealth
  4719 | D:4      | Reached skill level 7 in Stealth
  5278 | D:4      | Noticed a hungry ghost
  5311 | D:4      | Killed a hungry ghost
  5311 | D:4      | Reached skill level 5 in Short Blades
  5388 | D:4      | Reached XP level 8. HP: 29/37 MP: 10/14
  5453 | D:4      | Found a hazy altar of Hepliaklqana.
  5518 | D:4      | Reached skill level 8 in Stealth
  5715 | D:4      | Found an iron altar of Okawaru.
  5723 | D:5      | Entered Level 5 of the Dungeon
  6063 | D:5      | Found a shattered altar of Ashenzari.
  6096 | D:5      | Reached skill level 9 in Stealth
  6211 | D:5      | Noticed KristoblXynda's ghost (amateur SpMo)
  6280 | D:5      | Killed KristoblXynda's ghost
  6299 | D:5      | Found a staircase to the Ecumenical Temple.
  6306 | Temple   | Entered the Ecumenical Temple
  6622 | D:4      | Found a glowing silver altar of Zin.
  6636 | D:4      | Became a worshipper of Hepliaklqana the Forgotten
  6911 | D:5      | Found a runed door.
  6915 | D:5      | Noticed Crazy Yiuf
  6919 | D:5      | Killed Crazy Yiuf
  7011 | D:6      | Reached skill level 1 in Invocations
  7054 | D:6      | Reached skill level 10 in Stealth
  7054 | D:6      | Reached XP level 9. HP: 29/36 MP: 11/16
  7120 | D:6      | Noticed KristoblXynda's ghost (novice DrMo)
  7177 | D:6      | Killed KristoblXynda's ghost
  7177 | D:6      | Reached skill level 1 in Fighting
  7724 | D:6      | Found a radiant altar of Vehumet.
  7757 | D:6      | Reached skill level 10 in Evocations
  8070 | D:6      | Noticed Eustachio
  8192 | D:6      | Killed Eustachio
  8192 | D:6      | Reached skill level 11 in Stealth
  9073 | D:7      | Found a white marble altar of Elyvilon.
  9116 | D:7      | Found a basalt altar of Yredelemnul.
  9118 | D:7      | Noticed a profane servitor
  9206 | D:7      | Found a glowing golden altar of the Shining One.
  9208 | D:7      | Noticed an angel
  9515 | D:7      | Reached * piety under Hepliaklqana
  9764 | D:8      | Found a shadowy altar of Dithmenos.
  9781 | D:8      | Noticed Pikel
  9802 | D:8      | Reached XP level 10. HP: 26/44 MP: 9/18
  9820 | D:8      | Killed Pikel
  9988 | D:8      | Reached skill level 12 in Stealth
 10118 | D:8      | Reached skill level 1 in Throwing
 10538 | D:9      | Reached skill level 5 in Invocations
 10552 | D:9      | Reached ** piety under Hepliaklqana
 10834 | D:9      | Noticed a two-headed ogre
 10971 | D:9      | Killed a two-headed ogre
 11105 | D:9      | Remembered your ancestor Hrothgar as a hexer
 11117 | D:9      | Reached skill level 13 in Stealth
 11255 | D:9      | HP: 2/43 [slime creature (9)]
 11481 | D:9      | Reached XP level 11. HP: 41/46 MP: 15/20
 11541 | D:9      | Found a snail-covered altar of Cheibriados.
 11725 | D:10     | Entered Level 10 of the Dungeon
 12242 | D:10     | Found a staircase to the Orcish Mines.
 12828 | D:10     | Found a portal to a secret trove of treasure.
 13097 | D:11     | Found a staircase to the Lair.
 13099 | D:11     | Noticed an unseen horror
 13107 | D:11     | Killed an unseen horror
 13403 | D:11     | Reached skill level 5 in Throwing
 13412 | D:11     | Noticed a two-headed ogre
 13454 | D:11     | HP: 1/46 [two-headed ogre/giant club (8)]
 13461 | D:11     | Killed a two-headed ogre
 13461 | D:11     | Reached skill level 14 in Stealth
 13776 | D:11     | Noticed a red ugly thing
 13781 | D:11     | Killed a red ugly thing
 13830 | D:11     | Got a brightly glowing hunting sling
 13831 | D:11     | Identified the cursed +0 hunting sling of Corruption {flame, rN+ MR+ Str+2 Dex-2 SInv} (You found it on level 11 of the Dungeon)
 13915 | D:11     | Reached *** piety under Hepliaklqana
 13981 | D:12     | Noticed a two-headed ogre
 14021 | D:12     | Mangled by a two-headed ogre

Vault maps used:
D:1:      dpeg_arrival_lava_temple_mockup
D:2:      fedhas_altar_4, kennysheep_flooded_box
D:3:      marbit_many_paths, chequers_ecumenical_altar_twisty, uniq_sigmund,
          uniq_grinder
D:4:      nicolae_overflow_hidden_temple, first_ration
D:5:      old_standard_altar, minmay_temple_entry_crystal_x,
          hangedman_decor_slide_cut, uniq_crazy_yiuf_cottage
D:6:      old_standard_altar, uniq_eustachio
D:7:      grunt_temple_overflow_holy_war, the_bakery, elyvilon_altar_4
D:8:      grunt_dithmenos_smoke_and_mirrors, serial_glass, glass_columns_a,
          glass_columns_a, st_stairs_14, uniq_pikel
D:9:      cheibrodos_worm_habitat
D:10:     david_orc_3, enter_trove_3
D:11:     lair_entry_dummy
D:12:     interstate_on_off
Temple:   zaba_magenta_temple

Skill      XL: |  1  2  3  4  5  6  7  8  9 10 11 |
---------------+----------------------------------+-----
Stealth        | 2 3 4 5 7 10 11 13 14 | 14.3
Short Blades   | 2 3 4 5 6 7 |  7.0
Dodging        | 4 5 6 |  6.0
Evocations     | 5 6 7 9 10 11 12 | 12.8
Invocations    | 1 4 6 7 |  7.4
Fighting       | 3 4 |  4.2
Throwing       | 3 5 |  5.2

Action                   |  1- 3 |  4- 6 |  7- 9 | 10-12 || total
-------------------------+-------+-------+-------+-------++-------
Melee: Short sword       |   201 |    64 |     5 |    15 ||   285
       Dagger            |       |    42 |   743 |   669 ||  1454
       Kick              |       |    22 |   150 |   187 ||   359
 Fire: Blowgun           |       |       |       |     3 ||     3
Invok: Recall Ancestor   |       |       |     5 |     3 ||     8
       Ancestor Life: He |       |       |       |     1 ||     1
Evoke: Wand              |     1 |    19 |    34 |    15 ||    69
  Use: Scroll            |       |     2 |    14 |    11 ||    27
       Potion            |       |     2 |     6 |       ||     8
 Stab: Sleeping          |     6 |     4 |    23 |    22 ||    55
       Paralysed         |       |     2 |     1 |     1 ||     4
       Distracted        |       |       |     4 |     6 ||    10
       Confused          |       |       |       |     5 ||     5
  Eat: Ration            |       |       |     6 |     3 ||     9
Armor: Robe              |    21 |     5 |    18 |    27 ||    71
Dodge: Dodged            |   185 |    84 |   468 |   459 ||  1196

Table legend:
 A = Spawn XP
 B = Non-spawn XP
 C = Spawn XP percentage of total XP
 D = Spawn monster count
 E = Non-spawn monster count
 F = Spawn count percentage of total count
 G = Total turns spent on level
                    A         B        C        D         E        F      G
               +---------+---------+-------+---------+---------+-------+---------
         Total |       0 |   17779 |   0.0 |       0 |     302 |   0.0 | 14021
               +---------+---------+-------+---------+---------+-------+---------
           D:1 |       0 |      49 |   0.0 |       0 |      29 |   0.0 |  1306
           D:2 |       0 |      50 |   0.0 |       0 |      10 |   0.0 |   917
           D:3 |       0 |     650 |   0.0 |       0 |      25 |   0.0 |  1963
           D:4 |       0 |     853 |   0.0 |       0 |      28 |   0.0 |  1604
           D:5 |       0 |     949 |   0.0 |       0 |      16 |   0.0 |  1072
           D:6 |       0 |    1681 |   0.0 |       0 |      30 |   0.0 |  1451
           D:7 |       0 |    1139 |   0.0 |       0 |      32 |   0.0 |  1322
           D:8 |       0 |    1938 |   0.0 |       0 |      31 |   0.0 |   774
           D:9 |       0 |    3744 |   0.0 |       0 |      31 |   0.0 |  1222
          D:10 |       0 |    2086 |   0.0 |       0 |      37 |   0.0 |  1356
          D:11 |       0 |    4640 |   0.0 |       0 |      33 |   0.0 |   894
               +---------+---------+-------+---------+---------+-------+---------
